 Dungeon Crawl Stone Soup version 0.18.1-8-gdd0e5ea (webtiles) character file.

105 rutigerpupkin the Skirmisher (level 4, -6/43 HPs)
             Began as a Gargoyle Berserker on May 24, 2016.
             Was a Believer of Trog.
             Killed by nerve-wracking pain
             ... invoked by an orc priest
              (8 damage)
             ... on level 3 of the Dungeon.
             The game lasted 00:05:22 (2166 turns).

rutigerpupkin the Skirmisher (Gargoyle Berserker)   Turns: 2166, Time: 00:05:23

Health: -6/43      AC: 12    Str: 25    XL:     4   Next: 83%
Magic:  4/4        EV: 10    Int:  8    God:    Trog [**....]
Gold:   114        SH:  3    Dex: 10    Spells: 0 memorised, 3 levels left

rFire  . . .     SeeInvis .     a - +0 mace
rCold  . . .     Gourm    .     y - +0 ring mail
rNeg   + . .     Faith    .     e - +0 buckler
rPois  ∞         Spirit   .     q - +0 helmet (curse)
rElec  +         Dismiss  .     v - +0 cloak
rCorr  .         Reflect  .     r - +0 pair of gloves
SustAt .         Harm     .     (no boots)
MR     .....                    (no amulet)
Stlth  ..........               (no ring)
                                (no ring)

@: berserking, very quick, not resistant to hostile enchantments, extremely
unstealthy
A: negative energy resistance 1, electricity resistance, unbreathing,
petrification resistance, rot immunity, AC +3
a: Berserk, Trog's Hand, Burn Spellbooks, Renounce Religion


You were on level 3 of the Dungeon.
You worshipped Trog.
Trog was pleased with you.
You were not hungry.

You visited 1 branch of the dungeon, and saw 3 of its levels.

You collected 114 gold pieces.

Inventory:

Hand Weapons
 a - a +0 mace (weapon)
 g - a cursed -1 whip
Missiles
 h - 14 poisoned needles
 w - 5 curare-tipped needles
Armour
 e - a +0 buckler (worn)
 i - a +0 shield
 q - a cursed +0 helmet (worn)
 r - a +0 pair of gloves (worn)
 v - a +0 cloak (worn)
 y - a +0 ring mail (worn)
Scrolls
 k - 2 scrolls of teleportation {unknown}
 l - 3 scrolls of fear {unknown}
 n - 3 scrolls of identify {unknown}
 o - 2 scrolls of noise {unknown}
 p - a scroll of recharging {unknown}
 t - a scroll of blinking {unknown}
Potions
 d - 2 potions of might {unknown}
 f - 2 potions of curing {unknown}
 j - a potion of cancellation {unknown}
 u - 2 potions of brilliance {unknown}
Comestibles
 c - a bread ration
 m - a meat ration
 s - 4 chunks of flesh
 x - a royal jelly


   Skills:
 + Level 4.2 Fighting
 + Level 3.8 Maces & Flails
 + Level 3.1 Armour
 - Level 1.5 Dodging
 + Level 1.8 Shields


You had 3 spell levels left.
You didn't know any spells.

Dungeon Overview and Level Annotations

Branches:
Dungeon (3/15)

Altars:


Innate Abilities, Weirdness & Mutations

You are resistant to torment.
Your stone body is resilient (AC +3).
You are immune to poison.
You resist negative energy.
You are resistant to electric shocks.
You can survive without breathing.
You are immune to petrification.
You are immune to rotting.


Message History

* * * LOW HITPOINT WARNING * * *
The orc wizard closely misses you.
The orc priest miscasts a cantrip.
The kobold shouts!
A red film seems to cover your vision as you go berserk!
You feel yourself moving faster!
You feel mighty!
You feel somewhat more hungry. You block the orc wizard's attack.
The kobold unwields an uncursed club.
The kobold wields a blowgun.
The kobold shoots a poisoned needle.
The poisoned needle hits you!
The orc priest invokes the aid of Beogh against you.
Pain shoots through your body!
* * * LOW HITPOINT WARNING * * *
You hit the orc wizard.
The orc wizard is almost dead.
The orc wizard hits you but does no damage.
You barely miss the orc wizard.
The orc wizard is almost dead.
The orc priest mumbles some strange prayers to Beogh against you.
Pain shoots through your body!
You die...

..............#
.........K....
............#
............#
............#
.....o......#
.......(....#
#######)##### #@#
#o##### #.....#
#####.# #)#
#############.#####
#...........(....<#
#.###########.#####
#.# #.#


You could see an orc priest, an orc wizard and a kobold.

Vanquished Creatures
  3 gnolls (D:2)
  2 adders (D:2)
  4 worms (D:2)
  3 dart slugs
  A giant gecko (D:2)
  3 orcs (D:3)
  A ball python (D:1)
  5 bats
  A giant cockroach (D:2)
  2 goblins
  6 hobgoblins
  2 giant newts
  2 kobolds (D:1)
  5 rats (D:1)
40 creatures vanquished.

Notes
Turn   | Place    | Note
--------------------------------------------------------------
     0 | D:1      | rutigerpupkin the Gargoyle Berserker began the quest for the Orb.
     0 | D:1      | Reached XP level 1. HP: 14/14 MP: 1/1
   369 | D:1      | Reached XP level 2. HP: 16/19 MP: 2/2
   791 | D:1      | Reached XP level 3. HP: 17/23 MP: 3/3
  1337 | D:2      | Reached ** piety under Trog
  1347 | D:2      | Reached skill level 1 in Shields
  1710 | D:2      | Reached XP level 4. HP: 22/29 MP: 4/4
  1726 | D:2      | Reached skill level 4 in Fighting
  2164 | D:3      | HP: 2/43 [orc priest/nerve-wracking pain (7)]
  2166 | D:3      | Killed from afar by an orc priest

Skill      XL: |  1  2  3  4 |
---------------+-------------+-----
Shields        | 1 |  1.8
Fighting       | 4 |  4.2
Armour         | 3 |  3.1
Maces & Flails | |  3.8
Dodging        | |  1.5

Action                   |  1- 3 |  4- 6 || total
-------------------------+-------+-------++-------
Melee: Mace              |   120 |    55 ||   175
Invok: Berserk           |       |     2 ||     2
       Trog's Hand       |       |     1 ||     1
  Eat: Chunk             |     3 |     1 ||     4
       Beef jerky        |       |     1 ||     1
Armor: Animal skin       |    34 |    26 ||    60
       Ring mail         |       |    16 ||    16
Dodge: Dodged            |    64 |    45 ||   109
Block: Buckler           |     7 |    14 ||    21
